 Dungeon Crawl Stone Soup version 0.29-a0-393-g47a863cc1b (webtiles) character file.

Game seed: 12111938013676990335

3647 101zpm the Thaumaturge (level 10, -1/60 HPs)
             Began as a Djinni Fire Elementalist on May 10, 2022.
             Slain by a polar bear (3 damage)
             ... on level 8 of the Dungeon.
             The game lasted 00:22:38 (11936 turns).

101zpm the Thaumaturge (Djinni Fire Elementalist)  Turns: 11936, Time: 00:22:39

Health: -1/60      AC:  7    Str:  7    XL:     10   Next: 33%
Gold:   505        EV: 12    Int: 22    God:
                   SH:  3    Dex: 13

rFire   + + .      SeeInvis .   n - +5 club
rCold   . . .      Faith    .   a - +0 buckler
rNeg    . . .      Spirit   .   o - +2 robe {rC+}
rPois   ∞          Reflect  .   (no helmet)
rElec   .          Harm     .   k - +0 cloak
rCorr   .          Rampage  .   r - +1 Delatra's gloves {ID++}
Will    +....                   (boots unavailable)
Stlth   ++........              (no amulet)
HPRegen 0.20/turn               (no ring)
MPRegen 0.00/turn               (no ring)

@: flying, studying Short Blades
A: sickness immunity, fire resistance 2, cold vulnerability 1, float, innate
caster, HP casting, extra vitality 1
a: no special abilities


You were on level 8 of the Dungeon.
You visited 2 branches of the dungeon, and saw 9 of its levels.

You collected 505 gold pieces.

Inventory:

Hand Weapons
 f - a +2 short sword of speed
 n - a +5 club (weapon)
Missiles
 g - 181 stones
 p - a throwing net
Armour
 a - a +0 buckler (worn)
 j - an orb of guile
 k - a +0 cloak (worn)
 o - a +2 robe of cold resistance (worn)
 r - the +1 Delatra's gloves (worn) {ID++}
   (You found it on level 3 of the Dungeon)

   It heals its wearer when they drink unknown potions.
   It restores its wearer's MP when they read unknown scrolls.
 L - the -7 tower shield of the Chupacabra {Int+5 Dex+5}
   (You found it on level 6 of the Dungeon)

   Int:       It affects your intelligence (+5).
   Dex:       It affects your dexterity (+5).
Jewellery
 e - a ring of fire
 u - a ring of fire
 E - a ring of ice
 I - a ring of ice
Wands
 F - a wand of mindburst (3)
 G - a wand of digging (2)
Scrolls
 b - 2 scrolls of teleportation {unknown}
 h - 2 scrolls of magic mapping {unknown}
 l - 2 scrolls of amnesia {unknown}
 m - 2 scrolls of immolation {unknown}
 q - a scroll of blinking {unknown}
 w - 2 scrolls of noise {unknown}
 y - 6 scrolls of identify {unknown}
 B - a scroll of enchant armour {unknown}
 H - 2 scrolls of fear {unknown}
 J - a scroll of brand weapon {unknown}
Potions
 c - 5 potions of attraction {unknown}
 d - 3 potions of berserk rage {unknown}
 i - 2 potions of brilliance {unknown}
 s - 3 potions of haste {unknown}
 t - a potion of mutation {unknown}
 v - a potion of curing {unknown}
 x - a potion of heal wounds {unknown}
 z - 4 potions of degeneration {unknown}
 A - a potion of ambrosia {unknown}
 C - a potion of might {unknown}
 D - 2 potions of magic {unknown}
 K - a potion of flight {unknown}
 M - a potion of invisibility {unknown}


   Skills:
 + Level 0.1 Fighting
 + Level 2.7 Dodging
 + Level 3.9 Stealth
 + Level 10.7 Spellcasting


You had 9 spell levels left.
You knew the following spells:

 Your Spells              Type           Power      Damage    Failure   Level
a - Foxfire               Conj/Fire      100%       2x1d9     1%          1
b - Scorch                Fire           100%       2d10      1%          2
c - Conjure Flame         Conj/Fire      56%        6-21      1%          3
d - Inner Flame           Hex/Fire       56%        N/A       1%          3
e - Flame Wave            Conj/Fire      56%        2d11      1%          4
f - Magic Dart            Conj           100%       1d8       1%          1
g - Ensorcelled Hibernat  Hex/Ice        100%       N/A       1%          2
h - Passwall              Tmut/Erth      46%        N/A       1%          2
i - Mephitic Cloud        Conj/Pois/Air  56%        N/A       1%          3
Your spell library was empty.

Dungeon Overview and Level Annotations

Branches:
Dungeon (8/15)             Temple (1/1) D:6
   Lair: D:8-11

Altars:
Ashenzari
Cheibriados
Dithmenos
Fedhas
Gozag
Kikubaaqudgha
Makhleb
Nemelex Xobeh
Okawaru
Qazlal
Ru
Sif Muna
Trog
Uskayaw
Vehumet
Xom
The Shining One

Shops:
D:2 [   D:4 (

Annotations:
D:3 3 runed translucent doors, supermoro's ghost, amateur GrFi


Innate Abilities, Weirdness & Mutations

You are immune to sickness and miasma.
You are immune to poison.
Your flesh is very heat resistant. (rF++)
You are vulnerable to cold. (rC-)
You float through the air rather than walking.
You learn spells naturally, not from books.
Your magical power is your life essence.
You have superior vitality. (+4 MHP)


Message History

Casting: Scorch (safe; 1% risk of failure)
Confirm with . or Enter, or press ? or * to list all spells.
Flames lash the death yak.
The death yak is burned terribly!
Flame seeps out of the death yak.
The death yak is almost dead.
The death yak is engulfed in blazing flames.
The death yak explodes!
The fiery explosion engulfs you! You resist.
You hear an angry growl.
You hear a shout!
You are too injured to fight recklessly!
A polar bear comes into view.
Casting: Scorch (safe; 1% risk of failure)
Confirm with . or Enter, or press ? or * to list all spells.
Aiming: Inner Flame (safe; 1% risk of failure)
Press: ? - help, Dir - move target, f - polar bear
Aim: a polar bear (chance to affect: 95%)
The polar bear is filled with an inner flame.
Casting: Inner Flame (safe; 1% risk of failure)
Confirm with . or Enter, or press ? or * to list all spells.
Flames lash the polar bear but do no damage.
You hear a shout!
Casting: Scorch (safe; 1% risk of failure)
Confirm with . or Enter, or press ? or * to list all spells.
Flames lash the polar bear.
Flame seeps out of the polar bear.
The polar bear is lightly wounded.
The polar bear's fire resistance burns away.
The polar bear is engulfed in blazing flames.
Flame seeps out of the polar bear.
The polar bear is engulfed in blazing flames.
Flame seeps out of the polar bear.
The polar bear attacks as you move away!
The polar bear bites you.
* * * LOW HITPOINT WARNING * * *
The polar bear closely misses you. You block the polar bear's attack.
The polar bear attacks as you move away!
The polar bear bites you!
* * * LOW HITPOINT WARNING * * *
The polar bear claws you but does no damage.
The polar bear claws you.
You die...

.. #.#≈≈...≈≈#.# #.
.#≈......#.# #.
.......... # +.#
≈....(.# #. #.##
≈...)≈# .#####.. ≈.≈≈
.......########.###
#..#........@h.○..#
........###.#####§.....
####..#.# #.# ###..
######..#.# #.#
#.......#.# #.#
#.####..#.# #.#
#...##..#.# #.#
#)####..#.# #.# #)#
#..#.# #.#


You could see a polar bear (inner flame, combustible).

Vanquished Creatures
  A two-headed ogre (D:7)
  A death yak (D:8)
  Pikel (D:5)
  A steam dragon (D:7)
  A sky beast (D:7)
  2 ice beasts
  A black bear (D:5)
  An orc warrior (D:6)
  An ogre (D:6)
  A lemure (D:5)
  3 centaurs
  2 gnoll sergeants
  A bullfrog (D:6)
  2 scorpions
  4 hounds
  2 jellies
  2 orc priests
  Jessica (D:2)
  4 iguanas
  6 orc wizards
  A centaur simulacrum (D:8)
  14 gnolls
  6 adders
  4 white imps
  3 ufetubi
  2 worms
  A dart slug (D:3)
  22 orcs
  9 bats
  7 endoplasms
  3 giant cockroaches
  3 goblins
  11 hobgoblins
  A jackal (D:3)
  10 kobolds
  2 quokkas
  10 ball pythons
  4 frilled lizards
  5 rats
156 creatures vanquished.

Vanquished Creatures (collateral kills)
  6 foxfires
6 creatures vanquished.

Vanquished Creatures (others)
  624 foxfires
  46 fungi (D:5)
  5 toadstools (D:1)
675 creatures vanquished.

Grand Total: 837 creatures vanquished

Notes
Turn   | Place    | Note
-------+----------+-------------------------------------------
     0 | D:1      | 101zpm the Djinni Fire Elementalist began the quest for the
                  | Orb.
     0 | D:1      | Reached XP level 1. HP: 15/15 MP: 0/0
   470 | D:1      | Reached XP level 2. HP: 16/21 MP: 0/0
  1034 | D:1      | Reached skill level 3 in Spellcasting
  1038 | D:1      | Reached XP level 3. HP: 12/25 MP: 0/0
  1038 | D:1      | Learned a level 1 spell: Magic Dart
  1396 | D:1      | Found a faded altar of an unknown god.
  2053 | D:2      | Reached XP level 4. HP: 27/31 MP: 0/0
  2424 | D:2      | Noticed Jessica
  2427 | D:2      | Killed Jessica
  2655 | D:2      | Found Picsam's Antique Armour Shop.
  2900 | D:3      | Reached skill level 4 in Spellcasting
  2900 | D:3      | Reached XP level 5. HP: 22/35 MP: 0/0
  2900 | D:3      | Learned a level 2 spell: Ensorcelled Hibernation
  3101 | D:3      | Found the +1 Delatra's gloves {ID++}
  4132 | D:4      | Reached XP level 6. HP: 17/40 MP: 0/0
  4767 | D:4      | Found Vaco's Antique Weapon Emporium.
  4880 | D:5      | Entered Level 5 of the Dungeon
  4896 | D:5      | Reached skill level 5 in Spellcasting
  4907 | D:5      | Noticed a black bear
  4910 | D:5      | Killed a black bear
  4911 | D:5      | Reached XP level 7. HP: 9/45 MP: 0/0
  4911 | D:5      | Learned a level 2 spell: Passwall
  5729 | D:3      | Found a runed translucent gate.
  5729 | D:3      | Found a runed translucent gate.
  5729 | D:3      | Found a runed translucent gate.
  5729 | D:3      | Noticed supermoro's ghost (amateur GrFi)
  6083 | D:5      | Noticed Pikel
  6744 | D:5      | Found a sacrificial altar of Ru.
  6795 | D:5      | Reached skill level 6 in Spellcasting
  6963 | D:5      | Killed Pikel
  6964 | D:5      | Reached skill level 7 in Spellcasting
  6964 | D:5      | Reached XP level 8. HP: 37/50 MP: 0/0
  7337 | D:5      | Found a shadowy altar of Dithmenos.
  8254 | D:6      | Reached XP level 9. HP: 46/55 MP: 0/0
  8254 | D:6      | Learned a level 3 spell: Mephitic Cloud
  8289 | D:6      | Reached skill level 8 in Spellcasting
  9023 | D:6      | Found a staircase to the Ecumenical Temple.
  9028 | Temple   | Entered the Ecumenical Temple
  9671 | D:6      | Identified the -7 tower shield of the Chupacabra {Int+5
                  | Dex+5}
 10132 | D:8      | Noticed a two-headed ogre
 10139 | D:7      | Killed a two-headed ogre
 10140 | D:7      | Reached skill level 9 in Spellcasting
 10665 | D:7      | Found a sparkling altar of Nemelex Xobeh.
 10665 | D:7      | Found a snail-covered altar of Cheibriados.
 10677 | D:7      | Found a stormy altar of Qazlal.
 10937 | D:7      | Reached XP level 10. HP: 32/60 MP: 0/0
 11087 | D:7      | Reached skill level 10 in Spellcasting
 11918 | D:8      | Noticed a death yak
 11925 | D:8      | Killed a death yak
 11936 | D:8      | HP: 2/60 [polar bear (11)]
 11936 | D:8      | Slain by a polar bear

Illustrated notes

Levels and vault maps discovered:
D:1:      dpeg_arrival_rooms_c, layout_rooms,
          dreamdust_ecumenical_altar_hidden_monk_grotto,
          minmay_gold_behind_fungi, minmay_misc_feat_diagonals
D:2:      layout_rooms, serial_shops, shop, uniq_jessica
D:3:      minmay_skewed_foursquare, layout_rooms, gammafunk_ghost_nasty_kobolds,
          pf_guarded_unrand_delatra
D:4:      layout_rooms, kennysheep_mini_moat, serial_shops,
          nicolae_shop_behind_doors, kennysheep_decorative_pillar
D:5:      layout_basic, nicolae_ru_awakened_eye,
          mainiacjoe_overflow_catch_the_wave, uniq_pikel
D:6:      layout_loops_ring, mainiacjoe_overflow_tiny_flanked,
          minmay_temple_entry_nine_rooms
D:7:      layout_loops_corners, chequers_temple_overflow_statue_of_worship,
          corexii_corridor_pit, minmay_manual_mares
D:8:      layout_basic, nicolae_hepliaklqana_ecumenical_no_more, serial_ice,
          serial_ice_n, serial_ice_f, serial_ice_o, serial_ice_m,
          grunt_ministairs_9, minmay_strange_pillars, minmay_misc_feat_room,
          minmay_misc_feat_rugged
Temple:   jpeg_temple_island

Skill      XL: |  1  2  3  4  5  6  7  8  9 10 |
---------------+-------------------------------+-----
Spellcasting   | 3 4 5 7 9 10 | 10.7
Stealth        | 2 3 |  3.9
Fighting       | |  0.1
Dodging        | |  2.7

Action                   |  1- 3 |  4- 6 |  7- 9 | 10-12 || total
-------------------------+-------+-------+-------+-------++-------
 Cast: Foxfire           |    93 |   114 |   148 |    23 ||   378
       Inner Flame       |     3 |    32 |    57 |    11 ||   103
       Scorch            |     1 |    14 |    29 |    14 ||    58
       Ensorcelled Hiber |       |     2 |     5 |       ||     7
       Magic Dart        |       |       |     1 |       ||     1
Armor: Robe              |     1 |       |     1 |     1 ||     3
Dodge: Dodged            |     2 |     2 |     5 |     2 ||    11
Block: Buckler           |       |       |       |     1 ||     1

Table legend: (Time is in decaauts)
 A = Elapsed time spent in this place.
 B = Non-inter-level travel time spent in this place.
 C = Inter-level travel time spent in this place.
 D = Time resting spent in this place.
 E = Time spent auto-exploring this place.
 F = Levels seen in this place.
 G = Mean time per level.
                   A        B        C        D        E       F      G
               +--------+--------+--------+--------+--------+-----+--------+
         Total |  11943 |  11340 |    603 |   1368 |   8948 |   9 | 1327.0 |
       Dungeon |  11502 |  10932 |    570 |   1368 |   8546 |   8 | 1437.8 |
        Temple |    440 |    407 |     33 |      0 |    402 |   1 |  440.0 |
               +--------+--------+--------+--------+--------+-----+--------+

Top non-repeatable levels by time:
     D:1: 1985 daAuts
     D:6: 1918 daAuts
     D:7: 1688 daAuts
     D:4: 1667 daAuts
     D:3: 1571 daAuts
     D:5: 1353 daAuts
     D:2: 1186 daAuts
  Temple: 440 daAuts
     D:8: 131 daAuts
